Map: Pillars of Gold LE

Players

GOStephano (Stephano)

  • Race: Zerg Zerg
  • League: Grandmaster
  • Spawn Location: 1:00

Rail - Winner!

  • Race: Protoss Protoss
  • League: Master
  • Spawn Location: 7:00

Event: DreamHack SC2 Masters 2020 Winter

VOD

Have the link to the VOD?

Description

Time

  • Played on: Oct. 31, 2020, 11:11 a.m.
  • Length: 7:19

All games in this series

Show
View Real Time Build Order
Export as new Build Order

GOStephano Zerg 

Build Orders: Hatch First 

Get SALT Encoding   

  12  0:00  Drone  
  13  0:12  Overlord  
  13  0:17  Drone  
  14  0:30  Drone x2  
  16  0:49  Hatchery  
  15  0:52  Drone  
  15  0:56  Drone  
  17  0:59  Drone  
  18  1:09  Extractor  
  17  1:15  Spawning Pool  
  16  1:18  Drone  
  16  1:22  Drone  
  18  1:28  Drone  
  19  1:38  Drone  
  20  1:49  Drone  
  21  2:01  Queen x2  
  21  2:03  Zergling x4  
  27  2:12  Drone, Overlord  
  28  2:19  Metabolic Boost  
  28  2:30  Hatchery  
  28  2:32  Drone  
  28  2:35  Drone  
  29  2:42  Queen  
  31  2:46  Drone  
  31  2:49  Drone  
  33  2:54  Drone  
  33  2:56  Overlord  
  34  3:00  Drone  
  34  3:04  Drone  
  36  3:14  Drone x2  
  36  3:15  Drone x4  
  42  3:20  Queen  
  44  3:33  Overlord  
  44  3:41  Queen  
  44  3:42  Drone x3  
  44  3:43  Drone  
  44  3:44  Overlord  
  50  3:50  Overlord  
  50  3:56  Drone x2  
  50  3:58  Spore Crawler  
  50  4:02  Drone x2  
  53  4:04  Roach Warren  
  53  4:05  Zergling x6  
  55  4:10  Overlord  
  55  4:12  Drone  
  56  4:18  Drone x3, Evolution Chamber  
  56  4:20  Overlord  
  58  4:25  Drone x3  
  60  4:35  Zergling x2  
  60  4:36  Zergling x6  
  64  4:38  Spore Crawler  
  64  4:42  Drone x2  
  64  4:44  Extractor  
  64  4:46  Queen, Extractor  
  64  4:49  Lair  
  64  4:51  Zergling x6  
  68  5:03  Zergling x2  
  68  5:04  Zergling x4  
  68  5:06  Drone x3  
  74  5:08  Drone  
  74  5:13  Drone x3  
  78  5:19  Drone x2  
  78  5:20  Drone x2  
  81  5:21  Hatchery  
  81  5:22  Overlord  
  80  5:29  Overlord  
  80  5:32  Drone x2  
  80  5:35  Overlord  
  79  5:39  Roach x2  
  79  5:41  Overlord  
  80  5:47  Extractor x2  
  77  5:54  Roach x5  
  77  5:55  Glial Reconstitution  
  87  6:00  Zergling x8  
  87  6:03  Ravager x2  
  93  6:04  Zergling x2  
  93  6:05  Zergling x4  
  93  6:08  Zergling x4  
  98  6:13  Roach x3  
  99  6:19  Roach x3  
  98  6:26  Zergling x10  
  98  6:29  Ravager x2  
  98  6:30  Roach  
  101  6:36  Queen, Zergling x6  
  100  6:43  Roach x5  
  93  6:47  Roach  
  93  6:49  Overlord  
  93  6:51  Roach  
  83  6:54  Roach  
  83  6:57  Zergling x2  
  83  6:58  Zergling x10  
  86  7:02  Ravager  
Show
View Real Time Build Order
Export as new Build Order

Rail Protoss - Winner!

Build Orders: 1 Gate Expand 

Get SALT Encoding   

  12  0:00  Probe  
  13  0:12  Probe  
  14  0:19  Pylon  
  14  0:24  Probe (Chrono Boost)  
  15  0:38  Probe (Chrono Boost)  
  15  0:39  Gateway  
  16  0:46  Probe (Chrono Boost)  
  16  0:48  Assimilator  
  17  0:52  Probe  
  18  1:05  Probe  
  19  1:17  Probe  
  20  1:25  Nexus  
  20  1:34  Cybernetics Core  
  20  1:37  Probe  
  21  1:42  Assimilator  
  21  1:49  Probe  
  21  1:53  Pylon  
  22  2:01  Probe (Chrono Boost)  
  23  2:10  Warp Gate  
  23  2:11  Stalker  
  23  2:13  Probe (Chrono Boost)  
  26  2:19  Probe (Chrono Boost)  
  27  2:23  Robotics Facility  
  27  2:28  Probe (Chrono Boost)  
  28  2:38  Probe (Chrono Boost)  
  28  2:40  Probe (Chrono Boost)  
  28  2:42  Adept  
  32  2:47  Probe x2 (Chrono Boost)  
  34  2:52  Probe (Chrono Boost)  
  34  2:54  Probe  
  36  2:58  Gateway  
  36  3:04  Probe  
  37  3:06  Probe  
  37  3:08  Shield Battery  
  37  3:11  Observer (Chrono Boost)  
  39  3:16  Probe  
  39  3:17  Robotics Bay  
  39  3:19  Probe  
  41  3:26  Warp Prism (Chrono Boost)  
  41  3:31  Probe  
  41  3:32  Probe  
  45  3:37  Pylon  
  45  3:43  Probe  
  45  3:48  Assimilator  
  46  3:52  Gateway  
  46  3:55  Gateway, Probe x2  
  46  4:01  Disruptor (Chrono Boost)  
  46  4:02  Gravitic Drive (Chrono Boost)  
  48  4:07  Probe  
  48  4:09  Assimilator  
  52  4:12  Probe  
  52  4:14  Pylon  
  53  4:33  Immortal (Chrono Boost)  
  53  4:36  Gateway  
  53  4:37  Gateway  
  53  4:38  Probe  
  58  4:39  Probe  
  58  4:40  Pylon  
  58  4:41  Sentry  
  61  4:47  Pylon  
  61  4:57  Probe  
  61  4:59  Sentry x2  
  66  5:03  Sentry  
  66  5:07  Pylon, Zealot  
  68  5:12  Nexus  
  70  5:18  Pylon  
  70  5:30  Zealot x2, Sentry  
  70  5:35  Zealot x2, Sentry  
  82  5:48  Probe  
  82  5:49  Probe  
  82  5:52  Pylon, Zealot  
  82  5:54  Stalker x2  
  88  6:02  Stalker x2  
  92  6:05  Stalker  
  92  6:10  Probe x2  
  94  6:29  Stalker x5  
  94  6:31  Stalker  
  88  6:51  Stalker  
  88  6:52  Stalker x5  
  92  6:58  Probe  
  91  7:14  Zealot  
  91  7:15  Zealot x2  
  95  7:16  Stalker x3  
Tags
 
Add a new tag
Caveats
  • Supply blocks, unpowered buildings, or Contaminate may cause inaccurate times.
  • Supply counts are checked every 10 seconds.